 Dungeon Crawl Stone Soup version 0.18.1-5-g4a78601 (webtiles) character file.

140 imganon the Chopper (level 5, 0/41 HPs)
             Began as a Demonspawn Berserker on May 13, 2016.
             Was a Believer of Trog.
             Slain by Scarto's ghost (11 damage)
             ... on level 3 of the Dungeon.
             The game lasted 00:03:21 (2310 turns).

imganon the Chopper (Demonspawn Berserker)          Turns: 2310, Time: 00:03:22

Health: 0/41       AC:  9    Str: 18    XL:     5   Next: 2%
Magic:  5/5        EV:  7    Int:  8    God:    Trog [**....]
Gold:   167        SH:  0    Dex: 13    Spells: 0 memorised, 4 levels left

rFire  . . .     SeeInvis .     a - +0 hand axe
rCold  . . .     Gourm    .     e - +0 chain mail
rNeg   . . .     Faith    .     (no shield)
rPois  .         Spirit   .     (helmet restricted)
rElec  .         Dismiss  .     (no cloak)
rCorr  .         Reflect  .     (no gloves)
SustAt .         Harm     .     j - +0 pair of boots
MR     .....                    (no amulet)
Stlth  ..........               (no ring)
                                (no ring)

@: not resistant to hostile enchantments, extremely unstealthy
A: antennae 1, demonic guardian 1, rot immunity
a: Berserk, Trog's Hand, Burn Spellbooks, Renounce Religion


You were on level 3 of the Dungeon.
You worshipped Trog.
Trog was pleased with you.
You were very hungry.

You visited 1 branch of the dungeon, and saw 3 of its levels.

You collected 167 gold pieces.

Inventory:

Hand Weapons
 a - a +0 hand axe (weapon)
Armour
 e - a +0 chain mail (worn)
 j - a +0 pair of boots (worn)
Jewellery
 l - an uncursed ring of sustain attributes {unknown}
Scrolls
 b - 2 scrolls of amnesia {unknown}
 d - a scroll of recharging {unknown}
 g - a scroll of magic mapping {unknown}
 i - a scroll of identify {unknown}
 m - 2 scrolls of fog {unknown}
 p - a scroll of enchant armour {unknown}
Potions
 h - 2 potions of brilliance
 n - a potion of degeneration {unknown}
 s - a potion of curing {unknown}
Comestibles
 c - a bread ration
 o - a fruit
 q - 3 meat rations


   Skills:
 - Level 3.0 Fighting
 + Level 5.2 Axes
 - Level 1.7 Armour
 - Level 1.7 Dodging


You had 4 spell levels left.
You didn't know any spells.

Dungeon Overview and Level Annotations

Branches:
Dungeon (3/15)

Altars:
Ru

Annotations:
D:3 Scarto's ghost, weakling DsFi


Innate Abilities, Weirdness & Mutations

You have a pair of small antennae on your head.
A weak demonic guardian rushes to your aid.
You are immune to rotting.


Message History

Your ufetubus closely misses Scarto's ghost.
Scarto's ghost hits you.
Your ufetubus hits Scarto's ghost.
Your ufetubus hits Scarto's ghost but does no damage.
Unknown command.
You hit Scarto's ghost.
Scarto's ghost is heavily damaged.
Your ufetubus disappears in a puff of smoke!
Scarto's ghost hits you.
Unknown command.
You barely miss Scarto's ghost.
Scarto's ghost is heavily damaged.
Scarto's ghost hits you!
Unknown command.
You're too hungry to go berserk.
You hit Scarto's ghost.
Scarto's ghost is severely damaged.
Scarto's ghost hits you!
* * * LOW HITPOINT WARNING * * *
Scarto's ghost hits you!
You die...

.#..# ....# #...#
..$.# #(..#
#...#####
#........
#######W.#
.......@.# ####
#######..#
#...#### #..#
#......#######..#
#...#...........#
#.....#####.####
#.#
#..)...........#
#.#
#.....#####.##.#
#.# ##...##
#.##(# #.#


You could see Scarto's ghost.

Vanquished Creatures
  A worker ant (D:3)
  5 adders
  3 gnolls (D:2)
  2 dart slugs
  A worm (D:2)
  3 bats
  3 giant cockroaches
  6 goblins
  4 hobgoblins
  A ball python (D:2)
  A giant newt (D:2)
  8 kobolds
  11 rats
49 creatures vanquished.

Notes
Turn   | Place    | Note
--------------------------------------------------------------
     0 | D:1      | imganon the Demonspawn Berserker began the quest for the Orb.
     0 | D:1      | Reached XP level 1. HP: 18/18 MP: 1/1
     2 | D:1      | Noticed a draconian
     2 | D:1      | Noticed an ogre
     4 | D:1      | Noticed a vine stalker
     4 | D:1      | Noticed a formicid
     6 | D:1      | Noticed a demonspawn
     6 | D:1      | Noticed a halfling
     8 | D:1      | Noticed a human
     8 | D:1      | Noticed a felid
    10 | D:1      | Noticed a tengu
    10 | D:1      | Noticed a vampire
    12 | D:1      | Noticed a naga
    12 | D:1      | Noticed a troll
    14 | D:1      | Noticed a ghoul
    16 | D:1      | Noticed a merfolk
    16 | D:1      | Noticed an octopode
    18 | D:1      | Noticed a spriggan
    20 | D:1      | Noticed a gargoyle
    22 | D:1      | Noticed an elf
    22 | D:1      | Noticed a demigod
    24 | D:1      | Noticed a minotaur
    26 | D:1      | Noticed a centaur
    26 | D:1      | Noticed a dwarf
    68 | D:1      | Reached skill level 3 in Axes
   185 | D:1      | Gained mutation: You are immune to rotting. [demonic ancestry]
   185 | D:1      | Reached XP level 2. HP: 19/24 MP: 2/2
   521 | D:2      | Found a sacrificial altar of Ru.
   553 | D:2      | Reached ** piety under Trog
   553 | D:2      | Gained mutation: A weak demonic guardian rushes to your aid. [demonic ancestry]
   553 | D:2      | Reached XP level 3. HP: 28/29 MP: 3/3
   608 | D:2      | Reached skill level 4 in Axes
   870 | D:2      | Reached XP level 4. HP: 31/35 MP: 4/4
  1977 | D:3      | Reached skill level 5 in Axes
  2258 | D:3      | Gained mutation: You have a pair of small antennae on your head. [demonic ancestry]
  2258 | D:3      | Reached XP level 5. HP: 41/41 MP: 5/5
  2301 | D:3      | Noticed Scarto's ghost (weakling DsFi)
  2310 | D:3      | Slain by Scarto's ghost

Skill      XL: |  1  2  3  4 |
---------------+-------------+-----
Axes           | 3 4 5 |  5.2
Fighting       | |  3.0
Armour         | |  1.7
Dodging        | |  1.7

Action                   |  1- 3 |  4- 6 || total
-------------------------+-------+-------++-------
Melee: Hand axe          |    85 |   100 ||   185
Invok: Berserk           |     1 |       ||     1
  Use: Potion            |       |     3 ||     3
 Stab: Invisible         |     1 |       ||     1
       Paralysed         |     1 |       ||     1
  Eat: Chunk             |     1 |     3 ||     4
       Fruit             |       |     1 ||     1
Armor: Chain mail        |    29 |    53 ||    82
       Animal skin       |     5 |       ||     5
Dodge: Dodged            |    52 |    39 ||    91
